 Dungeon Crawl Stone Soup version 0.22-a0-135-g6f012ad (webtiles) character file.

2 Azzok the Vexing (level 1, -3/10 HPs)
             Began as a Deep Elf Enchanter on Feb 1, 2018.
             Slain by a hobgoblin
             ... wielding a +0 club
              (5 damage)
             ... on level 1 of the Dungeon.
             The game lasted 00:00:45 (440 turns).

Azzok the Vexing (Deep Elf Enchanter)                Turns: 440, Time: 00:00:46

Health: -3/10      AC:  2    Str:  5    XL:     1   Next: 33%
Magic:  4/6        EV: 13    Int: 19    God:
Gold:   45         SH:  0    Dex: 15    Spells: 5/6 levels left

rFire    . . .     SeeInvis .   a - +1 dagger
rCold    . . .     Gourm    .   (no shield)
rNeg     . . .     Faith    .   b - +0 robe
rPois    .         Spirit   .   (no helmet)
rElec    .         Reflect  .   (no cloak)
rCorr    .         Harm     .   (no gloves)
MR       .....                  (no boots)
Stlth    +++.......             (no amulet)
HPRegen  0.03/turn              (no ring)
MPRegen  0.10/turn              (no ring)

@: no status effects
A: no striking features
a: no special abilities


You were on level 1 of the Dungeon.
You were not hungry.

You visited 1 branch of the dungeon, and saw 1 of its levels.

You collected 45 gold pieces.

Inventory:

Hand Weapons
 a - a +1 dagger (weapon)
Armour
 b - a +0 robe (worn)
Scrolls
 h - 3 scrolls of teleportation {unknown}
Potions
 e - a potion of degeneration {unknown}
 f - a potion of ambrosia {unknown}
 g - a potion of agility {unknown}
 i - a potion of cancellation {unknown}
Books
 c - a book of Maledictions

   Spells                             Type                      Level
   a - Corona                         Hexes                        1
   b - Ensorcelled Hibernation        Hexes/Ice                    2
   c - Confuse                        Hexes                        3
   d - Tukima's Dance                 Hexes                        3
   e - Dazzling Spray                 Conjuration/Hexes            3
Comestibles
 d - 2 rations


   Skills:
 * Level 1.2 Short Blades
 - Level 2.4 Dodging
 + Level 3.7 Stealth
 - Level 3.0 Spellcasting
 + Level 4.0 Hexes


You had 5 spell levels left.
You knew the following spells:

 Your Spells              Type           Power        Failure   Level  Hunger
a - Corona                Hex            ###....      2%          1    None


Dungeon Overview and Level Annotations

Branches:
Dungeon (1/15)

Altars:


Message History

The hobgoblin hits you with a club. The hobgoblin hits you with a club.
The hobgoblin barely misses you. The ball python bites you.
The ball python grabs you.
* * * LOW HITPOINT WARNING * * *
The ball python constricts you. The ball python closely misses you.
The ball python constricts you.
You escape the ball python's grasp.
Casting: Corona (safe; 2% risk of failure)
Confirm with . or Enter, or press ? or * to list all spells.
Aiming: Corona (safe; 2% risk of failure)
Press: ? - help, Shift-Dir - straight line, f/p - hobgoblin
Aim: a hobgoblin, wielding a club (chance to defeat MR: 73%)
The hobgoblin barely resists.
The hobgoblin barely misses you.
You hit the hobgoblin but do no damage. The hobgoblin hits you with a club.
* * * LOW HITPOINT WARNING * * *
A goblin comes into view.
You hit the hobgoblin but do no damage. The hobgoblin hits you with a club.
Ouch! That really hurt!
You die...

▒▒▒▒▒▒▒▒▒▒▒ ▒▒▒▒▒▒▒▒▒
▒·········▒ ▒·······▒
▒▒▒▒·▒▒▒▒▒▒▒·▒ ▒·······▒
·····▒ ▒·▒▒▒ ▒·······▒
▒▒▒▒▒▒▒▒▒▒▒▒···▒ ▒·····[·▒
···(···········▒▒▒·······▒
················@gS······▒
···▒ ▒▒·····g·▒▒▒······?▒
▒··▒ ▒▒▒▒··▒▒▒·········▒
▒▒·▒▒ ▒▒·▒ ▒·▒▒······▒
·▒▒·▒▒ ▒·▒ ▒· ▒········
▒▒▒▒·▒ ▒· · ·······▒·
▒▒▒·▒▒ ·· ▒▒▒▒▒▒▒▒ ▒▒·▒▒
·▒ ▒·▒▒


You could see a hobgoblin, a goblin and a ball python.

Vanquished Creatures
  A hobgoblin (D:1)
  A frilled lizard (D:1)
  A rat (D:1)
3 creatures vanquished.

Notes
Turn   | Place    | Note
-------+----------+-------------------------------------------
     0 | D:1      | Azzok the Deep Elf Enchanter began the quest for the Orb.
     0 | D:1      | Reached XP level 1. HP: 10/10 MP: 6/6
   440 | D:1      | Slain by a hobgoblin

Vault maps used:
D:1:      nagdon_arrival_zigzag_paths, minmay_misc_feat_ornament,
          grunt_decor_arrowhead

Action                   || total
-------------------------++-------
Melee: Dagger            ||    14
 Cast: Corona            ||     4
 Stab: Sleeping          ||     1
Armor: Robe              ||     2
Dodge: Dodged            ||    10

Table legend:
 A = Spawn XP
 B = Non-spawn XP
 C = Spawn XP percentage of total XP
 D = Spawn monster count
 E = Non-spawn monster count
 F = Spawn count percentage of total count
 G = Total turns spent on level
                    A         B        C        D         E        F      G
               +---------+---------+-------+---------+---------+-------+---------
         Total |       0 |       4 |   0.0 |       0 |       3 |   0.0 |   440
               +---------+---------+-------+---------+---------+-------+---------
           D:1 |       0 |       4 |   0.0 |       0 |       3 |   0.0 |   440
               +---------+---------+-------+---------+---------+-------+---------
